 Dungeon Crawl Stone Soup version 0.29-a0-1061-gbc57f8fbdb (webtiles) character file.

Game seed: 12935724036917738430

25 BritishOli the Trooper (level 2, -1/24 HPs)
             Began as a Demonspawn Fighter on Aug 18, 2022.
             Slain by Natasha (2 damage)
             ... on level 2 of the Dungeon.
             The game lasted 00:01:05 (1027 turns).

BritishOli the Trooper (Demonspawn Fighter)         Turns: 1027, Time: 00:01:06

Health: -1/24      AC:  6    Str: 16    XL:     2   Next: 86%
Magic:  2/2        EV:  8    Int:  9    God:
Gold:   30         SH:  4    Dex: 12    Spells: 1/1 levels left

rFire   . . .      SeeInvis .   a - +0 long sword
rCold   . . .      Faith    .   c - +0 buckler
rNeg    . . .      Spirit   .   b - +0 scale mail
rPois   .          Reflect  .   (no helmet)
rElec   .          Harm     .   (no cloak)
rCorr   .          Rampage  .   (no gloves)
Will    .....                   (no boots)
Stlth   ..........              (no amulet)
HPRegen 0.08/turn               (no ring)
MPRegen 0.08/turn               (no ring)

@: slowed, very slow
A: ignite blood 1
a: no special abilities


You were on level 2 of the Dungeon.
You visited 1 branch of the dungeon, and saw 2 of its levels.

You collected 30 gold pieces.

Inventory:

Hand Weapons
 a - a +0 long sword (weapon)
Armour
 b - a +0 scale mail (worn)
 c - a +0 buckler (worn)
Scrolls
 e - a scroll of teleportation {unknown}
 f - a scroll of blinking {unknown}
 g - a scroll of identify {unknown}
 h - a scroll of vulnerability {unknown}
Potions
 d - a potion of might


   Skills:
 + Level 3.3 Fighting
 + Level 2.1 Long Blades
 + Level 3.0 Armour
 + Level 3.0 Shields


You had one spell level left.
You didn't know any spells.
Your spell library contained the following spells:

 Spells                   Type           Power      Damage    Failure   Level
 Apportation              Tloc           0%         N/A       88%         1
 Alistair's Intoxication  Tmut/Pois      0%         N/A       100%        5


Dungeon Overview and Level Annotations

Branches:
Dungeon (2/15)

Altars:

Shops:
D:1 *

Annotations:
D:2 Natasha


Innate Abilities, Weirdness & Mutations

Your demonic aura sometimes causes spilled blood to erupt in flames.


Message History

Key pressed, stopping explore.
No target in view!
h - a scroll labelled QEH TEELEGESES TOA No target in view!
Found 6 stones.
Found a stone staircase leading down.
No target in view!
Found a stone staircase leading up.
No target in view!
You open the door.
There is an open door here.
Natasha, Servant of Life and Death comes into view.
Natasha hisses angrily.
Natasha casts a spell at you.
You feel yourself slow down. Natasha casts a spell at you.
You feel as though you will be slow longer.
Natasha is nearby!
Natasha is nearby!
Natasha claws you.
Natasha is nearby!
You hit Natasha but do no damage. Natasha claws you. Natasha barely misses you.
Natasha is nearby!
You closely miss Natasha.
Natasha stares at you and mumbles some strange words.
You resist with significant effort. Natasha claws you.
Natasha is nearby!
You are too injured to fight recklessly!
Natasha is nearby!
You are too injured to fight recklessly!
Natasha is nearby!
You are too injured to fight recklessly!
You are too injured to fight recklessly!
You hit Natasha but do no damage.
Natasha casts a spell.
Natasha claws you.
You miss Natasha. Natasha claws you!
* * * LOW HITPOINT WARNING * * *
Natasha closely misses you.
You barely miss Natasha. Natasha closely misses you. Natasha claws you.
You die...

... ##########.##
#######.......<..#.
.................. .#
.................. ...
#####.##########5# ..#
.......(....####h# #..##
.####'#####...##@#......
.##......# #.##.#......
.##......# #.#.........
.##......# #.#..#......
.##......# #.#..#....##
.##......####....# #.##
.####........#......##
.............##.......
.............##.....##


You could see Natasha and a shadow imp (summoned).

Vanquished Creatures
  A dart slug (D:1)
  3 ball pythons (D:1)
  2 endoplasms (D:1)
  4 goblins (D:1)
  2 hobgoblins (D:1)
  2 jackals (D:1)
  2 bats (D:1)
  2 kobolds
  4 rats (D:1)
22 creatures vanquished.

Vanquished Creatures (others)
  4 withered plants (D:1)
4 creatures vanquished.

Grand Total: 26 creatures vanquished

Notes
Turn   | Place    | Note
-------+----------+-------------------------------------------
     0 | D:1      | BritishOli the Demonspawn Fighter began the quest for the
                  | Orb.
     0 | D:1      | Reached XP level 1. HP: 18/18 MP: 1/1
   101 | D:1      | Found a faded altar of an unknown god.
   127 | D:1      | Gained mutation: Your demonic aura sometimes causes spilled
                  | blood to erupt in flames. [demonic ancestry]
   127 | D:1      | Reached XP level 2. HP: 21/24 MP: 2/2
   390 | D:1      | Found Kecano's General Store.
  1019 | D:2      | Noticed Natasha
  1026 | D:2      | HP: 1/24 [Natasha (7)]
  1027 | D:2      | Slain by Natasha

Illustrated notes

Levels and vault maps discovered:
D:1:      dpeg_arrival_shelter, layout_loops_ring,
          ebering_ecumenical_altar_petrified, serial_shops, nicolae_shop_crystal
D:2:      layout_basic, uniq_natasha

Skill      XL: |  1  2 |
---------------+-------+-----
Long Blades    | 2 |  2.1
Shields        | 3 |  3.0
Armour         | 3 |  3.0
Fighting       | |  3.3

Action                   || total
-------------------------++-------
Melee: Long sword        ||    57
Armor: Scale mail        ||    28
Dodge: Dodged            ||    19
Block: Buckler           ||    12

Table legend: (Time is in decaauts)
 A = Elapsed time spent in this place.
 B = Non-inter-level travel time spent in this place.
 C = Inter-level travel time spent in this place.
 D = Time resting spent in this place.
 E = Time spent auto-exploring this place.
 F = Levels seen in this place.
 G = Mean time per level.
                   A        B        C        D        E       F      G
               +--------+--------+--------+--------+--------+-----+--------+
         Total |   1050 |   1043 |      7 |      0 |    884 |   2 |  525.0 |
       Dungeon |   1050 |   1043 |      7 |      0 |    884 |   2 |  525.0 |
               +--------+--------+--------+--------+--------+-----+--------+

Top non-repeatable levels by time:
     D:1: 899 daAuts
     D:2: 151 daAuts
